 Dungeon Crawl Stone Soup version 0.20-a0-984-ge8aa303 (webtiles) character file.

19 AlphabetPasta the Vexing (level 2, -2/27 HPs)
             Began as an Ogre Enchanter on Apr 10, 2017.
             Slain by a gnoll
             ... wielding a +0 spear
              (10 damage)
             ... on level 1 of the Dungeon.
             The game lasted 00:02:46 (553 turns).

AlphabetPasta the Vexing (Ogre Enchanter)            Turns: 553, Time: 00:02:46

Health: -2/27      AC:  3    Str: 11    XL:     2   Next: 75%
Magic:  1/5        EV: 10    Int: 16    God:
Gold:   22         SH:  0    Dex:  9    Spells: 2/5 levels left

rFire    . . .     SeeInvis .   a - +1 dagger
rCold    . . .     Gourm    .   (no shield)
rNeg     . . .     Faith    .   b - +0 robe
rPois    .         Spirit   .   (helmet restricted)
rElec    .         Reflect  .   (no cloak)
rCorr    .         Harm     .   (gloves unavailable)
MR       .....                  (boots unavailable)
Stlth    ++........             (no amulet)
Regen    0.1/turn               (no ring)
MPRegen  0.1/turn               (no ring)

@: no status effects
A: unfitting armour, tough skin 1
a: no special abilities


You were on level 1 of the Dungeon.
You were not hungry.

You visited 1 branch of the dungeon, and saw 1 of its levels.

You collected 22 gold pieces.

Inventory:

Hand Weapons
 a - a +1 dagger (weapon)
Armour
 b - a +0 robe (worn)
Scrolls
 e - 2 scrolls of immolation {unknown}
 i - 5 scrolls of identify {unknown}
 j - a scroll of blinking {unknown}
Potions
 g - a potion of lignification {unknown}
 l - a potion of might {unknown}
Books
 c - a book of Maledictions

   Spells                             Type                      Level
   a - Corona                         Hexes                        1
   b - Ensorcelled Hibernation        Hexes/Ice                    2
   c - Confuse                        Hexes                        3
   d - Tukima's Dance                 Hexes                        3
   e - Dazzling Spray                 Conjuration/Hexes            3
Comestibles
 d - a bread ration
 f - 8 chunks of flesh
 h - a royal jelly
 k - a meat ration


   Skills:
 + Level 1.0 Fighting
 * Level 1.1 Short Blades
 + Level 1.9 Dodging
 * Level 2.3 Stealth
 + Level 2.4 Spellcasting
 * Level 2.9 Hexes


You had 2 spell levels left.
You knew the following spells:

 Your Spells              Type           Power        Failure   Level  Hunger
a - Corona                Hex            ##.....      8%          1    #......
b - Ensorcelled Hibernat  Hex/Ice        #.....       17%         2    ###....


Dungeon Overview and Level Annotations

Branches:
Dungeon (1/15)

Altars:


Innate Abilities, Weirdness & Mutations

You are too large for most types of armour.
You have tough skin. (AC +1)


Message History

You hit the gnoll.
The gnoll is lightly wounded.
The gnoll hits you but does no damage.
You completely miss the gnoll.
The gnoll is lightly wounded.
The gnoll barely misses you.
Casting: Corona
Confirm with . or Enter, or press ? or * to list all spells.
Aiming: Ensorcelled Hibernation
Press: ? - help, Shift-Dir - straight line, f/p - gnoll
Aim: a gnoll, wielding a spear (lightly wounded, softly glowing, chance to defeat MR: 47%)
The gnoll resists with some effort.
The gnoll hits you with a spear!
* * * LOW HITPOINT WARNING * * *
Casting: Ensorcelled Hibernation
Confirm with . or Enter, or press ? or * to list all spells.
You don't have enough magic to cast that spell.
You hit the gnoll but do no damage.
The gnoll is lightly wounded.
The gnoll hits you with a spear!
You die...

########..... ##########
#............
#........######............
#........'....'............
#........#.####............
#........#.# #............
#........#.# #..........†.
#........#.# #.......#####
########.#@# #.......#####
#.#g####.......##...
#..l............'...
###########.#############...
.........##÷# #...
#.........# ..# #...
#.........##....## ####
#.$...........(...
#........###....#


You could see a gnoll and a frilled lizard.

Vanquished Creatures
  3 dart slugs (D:1)
  5 bats (D:1)
  2 goblins (D:1)
  A ball python (D:1)
  2 frilled lizards (D:1)
  2 rats (D:1)
15 creatures vanquished.

Notes
Turn   | Place    | Note
-------+----------+-------------------------------------------
     0 | D:1      | AlphabetPasta the Ogre Enchanter began the quest for the Orb.
     0 | D:1      | Reached XP level 1. HP: 16/16 MP: 3/3
   174 | D:1      | Reached XP level 2. HP: 26/26 MP: 5/5
   187 | D:1      | Learned a level 2 spell: Ensorcelled Hibernation
   220 | D:1      | Reached skill level 1 in Short Blades
   444 | D:1      | Reached skill level 1 in Fighting
   553 | D:1      | Slain by a gnoll

Vault maps used:
D:1:      dpeg_arrival_rooms_c, st_stairs_5

Skill      XL: |  1  2 |
---------------+-------+-----
Short Blades   | 1 |  1.1
Fighting       | 1 |  1.0
Dodging        | |  1.9
Stealth        | |  2.3
Spellcasting   | |  2.4
Hexes          | |  2.9

Action                   || total
-------------------------++-------
Melee: Dagger            ||    58
 Cast: Corona            ||    10
       Ensorcelled Hiber ||     3
 Stab: Sleeping          ||     4
Armor: Robe              ||    22
Dodge: Dodged            ||    39
